 Dungeon Crawl Stone Soup version 0.24-a0-445-gd5110b030a (webtiles) character file.

Game seed: 3110103819794260706

1108 tilp the Zephyrmancer (level 8, -8/48 HPs)
             Began as a Tengu Air Elementalist on June 22, 2019.
             Was an Initiate of Vehumet.
             Mangled by a slime creature (16 damage)
             ... on level 5 of the Dungeon.
             The game lasted 00:20:31 (5672 turns).

tilp the Zephyrmancer (Tengu Air Elementalist)      Turns: 5672, Time: 00:20:32

Health: -8/48      AC:  4    Str: 15    XL:     8   Next: 33%
Magic:  10/15      EV: 16    Int: 17    God:    Vehumet [......]
Gold:   297        SH:  0    Dex: 14    Spells: 5/15 levels left

rFire    . . .     SeeInvis +   a - +1 whip (elec)
rCold    . . .     Gourm    .   (no shield)
rNeg     . . .     Faith    .   A - +1 leather armour
rPois    .         Spirit   .   (helmet restricted)
rElec    .         Reflect  .   (no cloak)
rCorr    .         Harm     .   (no gloves)
MR       .....                  (boots unavailable)
Stlth    ++........             (no amulet)
HPRegen  0.16/turn              y - ring of see invisible
MPRegen  0.14/turn              d - +5 ring of strength

@: flying quickly and evasively, quick
A: beak, talons 3, able to fly
a: Stop Flying, Renounce Religion


You were on level 5 of the Dungeon.
You worshipped Vehumet.
Vehumet was noncommittal.
You were very hungry.

You visited 2 branches of the dungeon, and saw 6 of its levels.

You collected 297 gold pieces.

Inventory:

Hand Weapons
 a - a +1 whip of electrocution (weapon)
 C - a +3 dagger
Missiles
 j - 4 silver javelins
 t - 24 poisoned darts (quivered)
 u - 4 silver boomerangs
 D - 4 boomerangs
Armour
 A - a +1 leather armour (worn)
Magical Staves
 x - an uncursed staff of poison
Jewellery
 d - a +5 ring of strength (right hand)
 y - a ring of see invisible (left hand)
Scrolls
 i - a scroll of immolation
 k - a scroll of fear {unknown}
 q - a scroll of remove curse
 r - a scroll of enchant armour
 s - a scroll of enchant weapon {unknown}
 v - 3 scrolls of teleportation {unknown}
 F - a scroll of amnesia {unknown}
Potions
 b - a potion of might {unknown}
 e - a potion of cancellation
 g - 4 potions of heal wounds
 h - 3 potions of agility
 l - a potion of lignification
 m - a potion of haste {unknown}
 n - a potion of berserk rage {unknown}
 o - 2 potions of brilliance
 p - 5 potions of curing
 z - a potion of magic {unknown}
 B - 3 potions of flight {unknown}
Comestibles
 c - 16 rations


   Skills:
 - Level 4.1 Fighting
 - Level 4.2 Dodging
 - Level 4.1 Stealth
 + Level 4.4 Spellcasting
 - Level 1.3 Conjurations
 + Level 8.1 Air Magic


You had 5 spell levels left.
You knew the following spells:

 Your Spells              Type           Power        Failure   Level  Hunger
a - Shock                 Conj/Air       ###.         2%          1    None
b - Swiftness             Chrm/Air       ###.....     5%          2    ##.....
c - Static Discharge      Conj/Air       ###.....     8%          3    ###....
d - Airstrike             Air            ####......   7%          4    ####...

Your spell library contained the following spells:

 Spells                   Type           Power        Failure   Level  Hunger
 Sandblast                Erth           #.....       19%         1    None
 Passwall                 Tmut/Erth      #.......     28%         2    ##.....
 Stone Arrow              Conj/Erth      #.....       38%         3    ###....
 Lightning Bolt           Conj/Air       ###.......   58%         5    ######.
 Petrify                  Tmut/Erth      #.......     88%         4    ####...
 Lee's Rapid Deconstruct  Erth           #.........   99%         5    ######.


Dungeon Overview and Level Annotations

Branches:
Dungeon (5/15)             Temple (1/1) D:5

Altars:
Ashenzari
Cheibriados
Fedhas
Gozag
Hepliaklqana
Kikubaaqudgha
Nemelex Xobeh
Okawaru
Ru
Trog
Uskayaw
Vehumet
Yredelemnul
The Shining One


Innate Abilities, Weirdness & Mutations

You have a beak for a mouth.
You have claws for feet.
You can fly continuously.


Message History

You hit the slime creature.
You claw the slime creature, but do no damage.
The slime creature is heavily wounded.
The slime creature hits you!!
* * * LOW HITPOINT WARNING * * *
Unknown command.
Casting: Shock (safe; 2% risk of failure)
Confirm with . or Enter, or press ? or * to list all spells.
Aiming: Shock (safe; 2% risk of failure)
Press: ? - help, Shift-Dir - straight line The zap hits the slime creature!
The slime creature is severely wounded.
The zap hits the jelly.
The jelly is moderately wounded.
The zap hits the jelly.
The jelly is moderately wounded.
The zap hits the jelly.
The jelly is heavily wounded.
The slime creature hits you!
You die...

...........# #.# #.# #.# #
##.###.....# #.#####.# #.#.#
##.........# #.......# #.#.
###.##.....# ######### #..
....######## ### #.# ###.##
#######.##JJ.J.(##.#
###..####....#.#.#P..JP.##.#
#.....##.....#.#.#....÷.##.######
#.#...'......#'#@#P..P..##(#.....
#...†.'........#J#J..J÷.##.#.....
##.#..'........#J#P..P..##.#.....
)((...##.......#J#÷.J...##.#.....
#(....###......##'P.J÷P.##<#.....
#.....############.÷....##.#.[...
#......####### #########.#.....
#............#############.......
##.#.......................###...


You could see a slime creature and 2 jellies.

Vanquished Creatures
  Prince Ribbit (D:5)
  An ice beast (D:5)
  An ogre (D:4)
  A centaur (D:5)
  3 big kobolds (D:5)
  A bullfrog (D:5)
  A scorpion (D:5)
  A crimson imp (D:5)
  A hound (D:5)
  A jelly (D:5)
  An iguana (D:5)
  2 orc wizards
  Robin (D:2)
  6 adders
  3 worms
  6 dart slugs
  2 leopard geckos
  10 orcs
  5 giant cockroaches
  20 goblins
  8 hobgoblins
  A quokka (D:3)
  4 bats
  4 frilled lizards
  11 kobolds
  2 leopard gecko skeletons (D:4)
  8 rats
106 creatures vanquished.

Vanquished Creatures (others)
  A fungus (D:5)
  8 toadstools (D:5)
9 creatures vanquished.

Grand Total: 115 creatures vanquished

Notes
Turn   | Place    | Note
-------+----------+-------------------------------------------
     0 | D:1      | tilp the Tengu Air Elementalist began the quest for the
                  | Orb.
     0 | D:1      | Reached XP level 1. HP: 10/10 MP: 4/4
   227 | D:1      | Reached XP level 2. HP: 15/15 MP: 1/6
   231 | D:1      | Learned a level 2 spell: Swiftness
   423 | D:1      | Reached skill level 5 in Air Magic
  1018 | D:2      | Reached XP level 3. HP: 19/19 MP: 5/7
  1023 | D:2      | Learned a level 3 spell: Static Discharge
  1136 | D:2      | You fall into a shaft and drop 1 floor!
  1456 | D:2      | Reached skill level 6 in Air Magic
  1706 | D:2      | You fall into a shaft and drop 1 floor!
  1978 | D:2      | Found an ancient bone altar of Kikubaaqudgha.
  1979 | D:2      | Found a blossoming altar of Fedhas.
  2011 | D:2      | Reached XP level 4. HP: 24/24 MP: 6/8
  2023 | D:2      | Noticed Robin
  2086 | D:2      | Killed Robin
  2585 | D:3      | Reached skill level 7 in Air Magic
  2825 | D:3      | Found a sparkling altar of Nemelex Xobeh.
  3073 | D:3      | Gained mutation: You can fly continuously. [Tengu growth]
  3073 | D:3      | Reached XP level 5. HP: 26/28 MP: 6/9
  3540 | D:4      | Reached skill level 8 in Air Magic
  3686 | D:4      | Noticed an ogre
  3699 | D:4      | Killed an ogre
  3699 | D:4      | Reached XP level 6. HP: 32/32 MP: 4/11
  3706 | D:4      | Learned a level 4 spell: Airstrike
  4467 | D:5      | Entered Level 5 of the Dungeon
  4474 | D:5      | Noticed an ice beast
  4491 | D:5      | Killed an ice beast
  4652 | D:5      | Reached XP level 7. HP: 37/37 MP: 10/14
  4787 | D:5      | Reached skill level 1 in Fighting
  4838 | D:5      | Noticed Prince Ribbit
  4873 | D:5      | Killed Prince Ribbit
  5266 | D:5      | Found a staircase to the Ecumenical Temple.
  5305 | D:5      | Reached XP level 8. HP: 47/47 MP: 11/15
  5315 | Temple   | Entered the Ecumenical Temple
  5379 | Temple   | Became a worshipper of Vehumet
  5613 | D:5      | Noticed a slime creature
  5656 | D:5      | Noticed a slime creature
  5672 | D:5      | Mangled by a slime creature

Levels and vault maps discovered:
D:1:      matt_arrival_los_fun, layout_basic, supply_closet_lemuel
D:2:      minmay_wonky_spiral, layout_loops_cross,
          grunt_temple_overflow_growth_and_decay, uniq_robin
D:3:      layout_basic, lemuel_doored_altar, hangedman_glass_teeth
D:4:      layout_loops_ring, first_ration
D:5:      cheibrodos_fertilizer, layout_basic, minmay_temple_entry_junction,
          uniq_prince_ribbit1
Temple:   jpeg_temple_clearing

Skill      XL: |  1  2  3  4  5  6  7  8 |
---------------+-------------------------+-----
Air Magic      | 5 6 7 8 |  8.1
Spellcasting   | 3 4 |  4.4
Fighting       | 3 4 |  4.1
Dodging        | 3 4 |  4.2
Stealth        | 3 4 |  4.1
Conjurations   | |  1.3

Action                   |  1- 3 |  4- 6 |  7- 9 || total
-------------------------+-------+-------+-------++-------
Melee: Unarmed           |     2 |     8 |       ||    10
       Peck              |     1 |     6 |     1 ||     8
       Dagger            |     2 |       |       ||     2
       Whip              |       |    29 |     9 ||    38
       Kick              |       |     9 |     4 ||    13
Throw: Dart              |     7 |     7 |    15 ||    29
 Cast: Shock             |    62 |    77 |    56 ||   195
       Airstrike         |       |     5 |     1 ||     6
       Static Discharge  |       |       |     1 ||     1
 Abil: Fly               |       |     1 |       ||     1
  Use: Scroll            |       |    11 |       ||    11
 Stab: Sleeping          |     1 |     3 |       ||     4
  Eat: Chunk             |     4 |     9 |       ||    13
       Ration            |       |       |     1 ||     1
Armor: Robe              |     5 |       |       ||     5
       Leather armour    |       |     4 |     5 ||     9
Dodge: Dodged            |    17 |    34 |    25 ||    76

Table legend:
 A = Non-vault XP
 B = Vault XP
 C = Vault XP percentage of total XP
 D = Non-vault monster count
 E = Vault monster count
 F = Vault count percentage of total count
                 A         B        C        D         E       F
            +---------+---------+-------+---------+---------+-------
      Total |     952 |     632 |  39.9 |      83 |      23 |  21.7
            +---------+---------+-------+---------+---------+-------
        D:1 |      25 |       0 |   0.0 |      15 |       0 |   0.0
        D:2 |      58 |      41 |  41.4 |      26 |      14 |  35.0
        D:3 |     105 |       0 |   0.0 |      21 |       0 |   0.0
        D:4 |     219 |       0 |   0.0 |      12 |       0 |   0.0
        D:5 |     545 |     591 |  52.0 |       9 |       9 |  50.0
            +---------+---------+-------+---------+---------+-------
